 Dungeon Crawl Stone Soup version 0.16-a0-890-g98fc465 (webtiles) character file.

4 RobertPalmer the Sneak (level 1, -1/14 HPs)
             Began as an Octopode Wanderer on Sept 29, 2014.
             Slain by a giant gecko (2 damage)
             ... on Level 1 of the Dungeon.
             The game lasted 00:00:38 (208 turns).

RobertPalmer the Sneak (Octopode Wanderer)           Turns: 208, Time: 00:00:39

HP  -1/14        AC  1     Str 10      XL: 1   Next: 60%
MP   2/3         EV 11     Int 15      God:
Gold 5           SH  0     Dex 11      Spells:  2 memorised,  2 levels left

rFire  . . .     SeeInvis .     b - +0 spear
rCold  . . .     Clarity  .     (no shield)
rNeg   . . .     rCorr    .     (helmet restricted)
rPois  .         rRot     .     (no amulet)
rElec  .         Spirit   .     (no ring)
SustAb .         Warding  .     (no ring)
rMut   .         Stasis   .     (no ring)
Gourm  .                        (no ring)
MR     .....                    (no ring)
                                (no ring)
                                (no ring)
                                (no ring)

@: not resistant to hostile enchantments, fairly stealthy
A: almost no armour, amphibious, 8 rings, constrict 8, camouflage 1, gelatinous
body 1
a: no special abilities


You were on level 1 of the Dungeon.
You were not hungry.

You visited 1 branch of the dungeon, and saw 1 of its levels.

You collected 5 gold pieces.


Innate Abilities, Weirdness & Mutations

You cannot wear most types of armour.
You are amphibious.
You can wear up to eight rings at the same time.
You can use your tentacles to constrict many enemies at once.
Your skin changes colour to match your surroundings (Stealth).
Your rubbery body absorbs attacks (AC +1).


   Skills:
 - Level 2.0 Fighting
 + Level 1.1 Polearms
 - Level 1.0 Throwing
 - Level 2.6 Stealth
 - Level 2.0 Spellcasting
 - Level 1.0 Conjurations
 - Level 2.0 Earth Magic


You had 2 spell levels left.
You knew the following spells:

 Your Spells              Type           Power        Failure   Level  Hunger
y - Sandblast             Erth           #.....       12%         1    #......
z - Shock                 Conj/Air       #...         17%         1    #......

Inventory:

Hand weapons
 b - a +0 spear (weapon)
 d - a +0 dagger
Comestibles
 f - 2 bread rations
Books
 a - a book of Geomancy

Dungeon Overview and Level Annotations

Branches:
Dungeon (1/15)

Altars:

#..........# #.#
+........((############.#
#..........(...?........####
....................%......
####+###.#.########.#######
#.#K# ....! . #.#r#
#############.
#.#l#.#...........#. #.#@..#
####.####.#. #.#.#.#
#.......#.#. #.#.#
#.#####.#.#. #.# #
#.#...#.#.#. #.#
#.#...#.#.#. #.#
#...<.#.#.'. ..#
#.#...#.#.#. #.#
#.#...#.#.#. #.#
#.#####.#.#.


You could see a giant gecko, a kobold and a rat.


Message History

The giant gecko moves out of view.
You see here a stone.
The kobold throws a stone.
The stone misses you.
You see here a stone.
You hit the giant newt.
You kill the giant newt!
The kobold throws a stone.
The stone hits you but does no damage.
A rat comes into view.
The kobold throws a stone.
The stone hits you but does no damage.
You see here a stone.
A kobold comes into view. It is wielding a dagger.
You hit the giant gecko.
The giant gecko is moderately wounded.
The giant gecko bites you. x2
* * * LOW HITPOINT WARNING * * *
You are too injured to fight recklessly!
The kobold throws a stone.
The stone hits you.
* * * LOW HITPOINT WARNING * * *
You see here 2 stones.
The giant gecko hisses menacingly.
You see here 2 stones.
You see here a stone.
Aiming: Shock
Aim: a giant gecko (moderately wounded)
The zap misses the giant gecko.
The giant gecko closely misses you. The kobold barely misses you.
The giant gecko closely misses you. The giant gecko bites you.
* * * LOW HITPOINT WARNING * * *
The giant gecko bites you.
You die...

Action                   || total
-------------------------++-------
Melee: Spear             ||    10
 Cast: Shock             ||     1
 Stab: Sleeping          ||     1

Vault maps used:
D:1:      matt_arrival_refuge

Notes
Turn   | Place    | Note
--------------------------------------------------------------
     0 | D:1      | RobertPalmer, the Octopode Wanderer, began the quest for the Orb.
     0 | D:1      | Reached XP level 1. HP: 14/14 MP: 3/3
     2 | D:1      | Learned a level 1 spell: Sandblast
   133 | D:1      | Reached skill level 1 in Polearms
   204 | D:1      | HP: 1/14 [giant gecko (4)]
   208 | D:1      | Slain by a giant gecko

Vanquished Creatures
  2 hobgoblins (D:1)
  A giant newt (D:1)
  A goblin (D:1)
4 creatures vanquished.
